 Dungeon Crawl Stone Soup version 0.31-a0-229-g1fc7ce93e2 (webtiles) character file.

Game seed: 1138392962888578274

13059 GormonGrimm the Tainter (level 12, -1/89 (97) HPs)
             Began as a Naga Venom Mage on July 6, 2023.
             Was an Elder of Okawaru.
             Slain by a scorpion (2 damage)
             ... summoned by Amaemon
             ... on level 2 of the Lair of Beasts.
             The game lasted 01:53:59 (16528 turns).

GormonGrimm the Tainter (Naga Venom Mage)          Turns: 16528, Time: 01:54:00

HP:   -1/89 (97)    AC: 17    Str: 11    XL:     12   Next: 2%
MP:   35/35         EV: 24    Int: 19    God:    Okawaru [****..]
Gold: 589           SH:  0    Dex: 13    Spells: 22/31 levels left

rFire   + . .        C - +3 whip (flame)
rCold   . . .        (no shield)
rNeg    + . .        F - +5 ring mail {rF+}
rPois   +            w - +2 helmet of Dim Light {Rampage MP+9 Stlth+}
rElec   .            (no cloak)
rCorr   .            R - +0 pair of gloves of Articulation {+Inv}
SInv    +            (no barding)
Will    +....        c - amulet of the acrobat
Stlth   +++          m - ring of positive energy
HPRegen 0.34/turn    (no ring)
MPRegen 0.24/turn

%: acrobat, rampage
@: lethally poisoned (-1 -> -16), acrobatic, drained, very slow
A: AC +4, large, see invisible, deformed body, poison resistance, slowness 2,
spit poison 1, naga tail 1
a: Spit Poison, Renounce Religion, Evoke Invisibility, Heroism, Finesse


You were on level 2 of the Lair of Beasts.
You worshipped Okawaru.
Okawaru was greatly pleased with you.
You visited 3 branches of the dungeon, and saw 12 of its levels.

You collected 589 gold pieces.

Inventory:

Hand Weapons
 i - a +3 rapier
 j - a +2 dagger of draining
 k - a +3 spear
 B - a +2 short sword of electrocution
 C - a +3 whip of flaming (weapon)
 H - a +2 flail of protection
 I - a +2 flail of venom
 N - a +3 great sword of freezing
 S - a +2 dagger of venom
 U - a +2 vampiric whip
 V - a +0 dagger of freezing
Missiles
 n - 31 poisoned darts
 p - 10 atropa-tipped darts
 T - 8 curare-tipped darts
 X - 2 javelins
Armour
 a - a +0 robe
 s - a scarf of invisibility
 v - a +0 animal skin
 w - the +2 helmet of Dim Light (worn) {Rampage MP+9 Stlth+}
   (You took it off Robin on level 4 of the Dungeon)

   MP:        It affects your magic capacity (+9).
   Rampage:   It bestows one free step when moving towards enemies.
   Stlth:     It makes you more stealthy.
 y - a +0 leather armour of fire resistance
 F - a +5 ring mail of fire resistance (worn)
 M - +0 steam dragon scales
 P - a +2 robe of willpower
 R - the +0 pair of gloves of Articulation (worn) {+Inv}
   (You found it on level 8 of the Dungeon)

   +Inv:      It lets you turn invisible.
Magical Staves
 G - a staff of air
Jewellery
 c - an amulet of the acrobat (around neck)
 m - a ring of positive energy (left hand)
 L - an amulet of magic regeneration
Wands
 q - a wand of iceblast (1)
 t - a wand of polymorph (19)
 E - a wand of light (6)
Scrolls
 d - 2 scrolls of fog
 e - 5 scrolls of teleportation
 f - 4 scrolls of identify
 x - 2 scrolls of vulnerability
 O - a scroll of summoning
 W - a scroll of enchant armour
Potions
 b - a potion of magic
 g - a potion of resistance {unknown}
 h - 2 potions of might
 l - a potion of lignification {unknown}
 o - a potion of enlightenment {unknown}
 r - 3 potions of degeneration {unknown}
 u - a potion of cancellation {unknown}
 z - a potion of invisibility {unknown}
 A - 2 potions of mutation {unknown}
 D - a potion of brilliance {unknown}
 J - 2 potions of haste {unknown}
 Q - a potion of berserk rage {unknown}
 Y - 5 potions of ambrosia


   Skills:
 + Level 3.1 Fighting
 + Level 1.0 Short Blades
 + Level 3.2 Maces & Flails
 + Level 5.0 Armour
 + Level 3.8 Dodging
 + Level 6.1 Stealth
 + Level 10.1 Spellcasting
 + Level 0.4 Necromancy
 + Level 6.0 Transmutations
 + Level 1.6 Ice Magic
 + Level 14.0 Poison Magic
 + Level 0.9 Evocations


You had 22 spell levels left.
You knew the following spells:

 Your Spells              Type           Power      Damage    Failure   Level
a - Sting                 Tmut/Pois      100%       1d8       1%          1
b - Olgreb's Toxic Radia  Pois           58%        N/A       1%          4
c - Necrotise             Necr           44%        1d6       14%         1
d - Ozocubu's Armour      Ice            16%        N/A       24%         3

Your spell library contained the following spells:

 Spells                   Type           Power      Damage    Failure   Level
 Poisonous Vapours        Pois/Air       72%        N/A       1%          2
 Mephitic Cloud           Conj/Pois/Air  27%        N/A       7%          3
 Kiss of Death            Conj/Necr      40%        2d8       14%         1
 Apportation              Tloc           18%        N/A       16%         1
 Confusing Touch          Hex            9%         N/A       43%         3
 Inner Flame              Hex/Fire       9%         N/A       43%         3
 Yara's Violent Unravell  Hex/Tmut       10%        3d6       78%         5
 Dispel Undead            Necr           11%        3d9       80%         4
 Enfeeble                 Hex            4%         N/A       100%        7
 Ozocubu's Refrigeration  Ice            8%         4d9       100%        7
 Borgnjor's Revivificati  Necr           5%         N/A       100%        8
 Necromutation            Tmut/Necr      10%        N/A       100%        8
 Death's Door             Necr           5%         N/A       100%        9
 Summon Small Mammal      Summ           Unusable   N/A       N/A         1

Dungeon Overview and Level Annotations

Branches:
Dungeon (9/15)             Temple (1/1) D:7            Lair (2/5) D:9
  Swamp: Lair:2-3    Shoals: Lair:2-3     Snake: Lair:2-3    Spider: Lair:2-3
    Orc: D:9-12

Altars:
Ashenzari
Cheibriados
Dithmenos
Fedhas
Hepliaklqana
Kikubaaqudgha
Makhleb
Okawaru
Qazlal
Ru
Sif Muna
Trog
Uskayaw
Vehumet
Wu Jian
Xom
Yredelemnul
Zin
The Shining One

Shops:
D:1 :

Annotations:
Lair:2 Amaemon


Innate Abilities, Weirdness & Mutations

Your serpentine skin is tough. (AC +4)
You have supernaturally acute eyesight. (SInv)
Armour fits poorly on your strangely shaped body.
Your system is resistant to poisons. (rPois)
You cover ground very slowly.
You can spit poison.
You have a snake-like lower body.


Message History

The orange demon seems to grow toxic.
The water moccasin bites you but does no damage.
The water moccasin attacks as you move away!
The water moccasin barely misses you.
Found 10 gold pieces.
The water moccasin bites you but does no damage.
Found a stone staircase leading down.
Amaemon drinks a potion.
Amaemon seems to grow stronger.
The water moccasin completely misses you.
Amaemon mumbles some strange words.
The water moccasin misses you.
Amaemon casts a spell at the scorpion.
The scorpion seems to grow toxic.
The water moccasin misses you. The water moccasin closely misses you.
The water moccasin closely misses you. The orange demon misses you.
The water moccasin attacks as you move away!
The water moccasin completely misses you.
The water moccasin barely misses you.
Found a stone staircase leading down.
The orange demon no longer looks unusually toxic.
The water moccasin misses you. The orange demon stings you from afar.
* * * LOW HITPOINT WARNING * * *
The water moccasin attacks as you move away!
The water moccasin misses you. The water moccasin barely misses you.
Amaemon points at the water moccasin and mumbles some strange words.
The water moccasin seems to grow toxic.
The water moccasin attacks as you move away!
The water moccasin completely misses you.
The scorpion no longer looks unusually toxic.
The water moccasin closely misses you. The orange demon stings you from afar!
* * * LOW HITPOINT WARNING * * *
You are lethally poisoned!
The orange demon poisons you!
The water moccasin attacks as you move away!
The water moccasin misses you. The scorpion attacks as you move away!
The scorpion misses you.
* * * LOW HITPOINT WARNING * * *
You feel extremely sick.
The water moccasin completely misses you.
The scorpion stings you.
You die...

#...##.....P# ## ###
#....#.#...##
#.##.P###...#......P.#
......................
..........s...........
......................
.......6.4............
.......sS.............
.......@s.............
.....................
....................
...............>...
..................
.P######P#######. #
###


You could see Amaemon (strong), an orange demon, a water moccasin (curare) and 3
scorpions.

Vanquished Creatures
  A two-headed ogre (D:8)
  Pikel (D:5)
  An orc sorcerer (D:7)
  An ugly thing (D:9)
  A cyclops (D:9)
  A black mamba (Lair:1)
  3 elephants (Lair:1)
  3 komodo dragons (Lair:1)
  A rime drake (Lair:1)
  A queen bee (Lair:1)
  2 trolls (D:9)
  Sigmund (D:3)
  6 yaks (D:9)
  A wyvern (D:9)
  Eustachio (D:6)
  A basilisk (Lair:1)
  A steam dragon (D:5)
  Menkaure (D:5)
  Edmund (D:5)
  3 wargs (D:9)
  3 acid dragons
  A water moccasin (Lair:1)
  3 black bears
  3 sky beasts
  4 ogres
  A centaur (D:9)
  2 lemures (D:5)
  4 kobold brigands
  8 bullfrogs
  A gnoll sergeant (D:6)
  4 scorpions
  8 wights
  37 killer bees
  2 howler monkeys
  8 hounds
  4 orc priests
  A gnoll bouda (D:4)
  2 jellies
  2 sleepcaps
  Ijyb (D:5)
  3 iguanas
  5 orc wizards
  Robin (D:4)
  21 gnolls
  5 adders
  6 white imps
  3 worms
  5 dart slugs
  13 orcs
  6 ball pythons
  6 endoplasms
  5 giant cockroaches
  21 goblins
  10 hobgoblins
  4 jackals (D:2)
  3 quokkas (D:1)
  8 bats
  5 frilled lizards
  20 kobolds
  5 rats (D:1)
286 creatures vanquished.

Notes
Turn   | Place    | Note
-------+----------+-------------------------------------------
     0 | D:1      | GormonGrimm the Naga Venom Mage began the quest for the
                  | Orb.
     0 | D:1      | Reached XP level 1. HP: 15/15 MP: 3/3
   171 | D:1      | Reached XP level 2. HP: 17/22 MP: 3/5
   739 | D:1      | Found Vakoqu's Vocational Training.
   799 | D:1      | Reached XP level 3. HP: 28/28 MP: 2/6
  1530 | D:1      | Reached skill level 5 in Poison Magic
  2351 | D:2      | Reached XP level 4. HP: 36/36 MP: 2/7
  2401 | D:2      | Learned a level 4 spell: Olgreb's Toxic Radiance
  3610 | D:3      | Reached XP level 5. HP: 42/42 MP: 7/9
  4279 | D:3      | Noticed Sigmund
  4285 | D:3      | Killed Sigmund
  4286 | D:3      | Reached skill level 6 in Poison Magic
  4286 | D:3      | Reached XP level 6. HP: 38/50 MP: 4/11
  5145 | D:4      | Reached XP level 7. HP: 46/56 MP: 7/12
  5188 | D:4      | Identified the +2 helmet of Dim Light {Rampage MP+9 Stlth+}
  5188 | D:4      | Noticed Robin
  5236 | D:4      | Killed Robin
  5672 | D:4      | Reached skill level 1 in Short Blades
  5672 | D:4      | Reached skill level 7 in Poison Magic
  5732 | D:4      | Reached skill level 1 in Fighting
  6008 | D:4      | Reached XP level 8. HP: 44/64 MP: 14/14
  6286 | D:5      | Entered Level 5 of the Dungeon
  6328 | D:5      | Noticed Pikel
  6344 | D:5      | Killed Pikel
  6345 | D:5      | Reached skill level 5 in Spellcasting
  6345 | D:5      | Reached skill level 8 in Poison Magic
  6464 | D:5      | Noticed Ijyb
  6476 | D:5      | Killed Ijyb
  6628 | D:5      | Learned a level 1 spell: Necrotise
  6752 | D:5      | Noticed Edmund
  6767 | D:5      | Killed Edmund
  6768 | D:5      | Reached XP level 9. HP: 63/73 MP: 10/18
  6980 | D:5      | Reached skill level 9 in Poison Magic
  7320 | D:5      | Reached skill level 1 in Maces & Flails
  7629 | D:5      | Noticed Menkaure
  7646 | D:5      | Killed Menkaure
  7647 | D:5      | Reached skill level 5 in Transmutations
  8108 | D:5      | Reached skill level 5 in Stealth
  8327 | D:6      | Reached skill level 1 in Armour
  9114 | D:6      | Reached skill level 10 in Poison Magic
  9777 | D:6      | Noticed Eustachio
  9787 | D:6      | Killed Eustachio
 10061 | D:7      | Noticed an orc sorcerer
 10065 | D:7      | Noticed a red devil
 10069 | D:7      | Killed an orc sorcerer
 10070 | D:7      | Reached XP level 10. HP: 55/80 MP: 17/21
 10610 | D:7      | Reached skill level 11 in Poison Magic
 10702 | D:7      | Found a staircase to the Ecumenical Temple.
 10761 | Temple   | Entered the Ecumenical Temple
 10839 | Temple   | Became a worshipper of Warmaster Okawaru
 11114 | D:8      | Noticed a two-headed ogre
 11136 | D:8      | Killed a two-headed ogre
 11136 | D:8      | Reached * piety under Okawaru
 11544 | D:8      | Identified the +0 pair of gloves of Articulation {+Inv}
 11613 | D:8      | Found an ancient bone altar of Kikubaaqudgha.
 11643 | D:8      | Found a shimmering blue altar of Sif Muna.
 11808 | D:8      | Found a hide-covered altar of Uskayaw.
 12002 | D:9      | Noticed a cyclops
 12013 | D:9      | Killed a cyclops
 12013 | D:9      | Reached ** piety under Okawaru
 12014 | D:9      | Reached skill level 12 in Poison Magic
 12059 | D:9      | Found a shimmering altar of Xom.
 12254 | D:9      | Reached XP level 11. HP: 74/87 MP: 23/23
 12898 | D:9      | Found an ornate altar of the Wu Jian Council.
 13098 | D:9      | Reached *** piety under Okawaru
 13257 | D:9      | Found a blossoming altar of Fedhas.
 13257 | D:9      | Noticed a green ugly thing
 13275 | D:9      | Killed a green ugly thing
 13609 | D:9      | Found a staircase to the Lair.
 13616 | D:9      | Reached skill level 13 in Poison Magic
 13891 | D:9      | Learned a level 3 spell: Ozocubu's Armour
 14544 | Lair:1   | Entered Level 1 of the Lair of Beasts
 14804 | Lair:1   | Found a shimmering blue altar of Sif Muna.
 15767 | Lair:1   | Reached **** piety under Okawaru
 15767 | Lair:1   | Received a gift from Okawaru
 16079 | Lair:1   | Reached skill level 10 in Spellcasting
 16206 | Lair:1   | Reached skill level 1 in Ice Magic
 16223 | Lair:1   | Reached skill level 5 in Armour
 16223 | Lair:1   | Reached XP level 12. HP: 74/97 MP: 10/26
 16224 | Lair:1   | Reached skill level 14 in Poison Magic
 16477 | Lair:1   | HP: 2/89 [komodo dragon (12)]
 16507 | Lair:2   | Noticed Amaemon
 16528 | Lair:2   | HP: 1/89 [poisoned by an orange demon]
 16528 | Lair:2   | Slain by a scorpion

Illustrated notes

Levels and vault maps discovered:
D:1:      dpeg_arrival_prison, layout_loops_corners, nicolae_shop_vocational
D:2:      layout_loops_cross, serial_forest, infiniplex_forest_clump_diagonal,
          infiniplex_forest_lined_3, infiniplex_forest_lined_corner,
          infiniplex_forest_end_2, infiniplex_forest_straight_1,
          infiniplex_forest_lined_4_way, infiniplex_forest_straight_2,
          minmay_tromino_v4_b
D:3:      layout_loops_ring, skrybe_limestone_x, uniq_sigmund
D:4:      layout_gridville, grunt_ministairs_8, uniq_robin
D:5:      layout_gridville, uniq_menkaure, uniq_ijyb, uniq_edmund, uniq_pikel
D:6:      layout_basic, st_stairs_12, uniq_eustachio
D:7:      cheibrodos_wizards_tower, layout_rooms, minmay_temple_entry_waves
D:8:      layout_cave_pools, mainiacjoe_overflow_large_starburst,
          nicolae_uskayaw_dance_studio
D:9:      layout_basic, lemuel_doored_altar, erik_lair_orcish_takeover,
          hangedman_feature_mirror
Temple:   zaba_magenta_temple
Lair:1:   layout_roguey [special_room_bee], basic_altar,
          chequers_serial_rivers_large_b
Lair:2:   layout_small_grid, serial_bayou_shore_a, uniq_amaemon

Skill      XL: |  1  2  3  4  5  6  7  8  9 10 11 12 |
---------------+-------------------------------------+-----
Poison Magic   | 5 6 7 8 10 12 13 14 | 14.0
Transmutations | 2 3 4 5 6 |  6.0
Spellcasting   | 3 4 6 7 8 10 | 10.1
Stealth        | 4 5 6 |  6.1
Dodging        | 2 3 |  3.8
Short Blades   | 1 |  1.0
Fighting       | 1 2 3 |  3.1
Maces & Flails | 1 2 3 |  3.2
Armour         | 2 4 5 |  5.0
Ice Magic      | 1 |  1.6
Necromancy     | |  0.4
Evocations     | |  0.9

Action                     |  1- 3 |  4- 6 |  7- 9 | 10-12 || total
---------------------------+-------+-------+-------+-------++-------
  Melee: Unarmed           |    36 |       |       |       ||    36
         Punch             |     1 |       |       |     5 ||     6
         Dagger            |       |    28 |    25 |       ||    53
         Whip              |       |       |    38 |   235 ||   273
         Flail             |       |       |    20 |       ||    20
   Cast: Sting             |    77 |    73 |    95 |    90 ||   335
         Olgreb's Toxic Ra |       |     2 |    50 |    62 ||   114
         Necrotise         |       |       |     2 |     6 ||     8
         Ozocubu's Armour  |       |       |       |    11 ||    11
 Invoke: Heroism           |       |       |       |     1 ||     1
Ability: Spit Poison       |       |       |     1 |     7 ||     8
  Evoke: Wand              |       |       |     3 |    11 ||    14
    Use: Scroll            |     3 |       |    11 |     6 ||    20
         Potion            |       |       |     3 |     8 ||    11
   Stab: Sleeping          |     1 |       |       |       ||     1
         Paralysed         |       |       |       |     3 ||     3
         Invisible         |       |       |       |     1 ||     1
 Armour: Robe              |     8 |    12 |    21 |       ||    41
         Ring mail         |       |       |    55 |   180 ||   235
  Dodge: Dodged            |    25 |    37 |   143 |   269 ||   474

Table legend: (Time is in decaauts)
 A = Elapsed time spent in this place.
 B = Non-inter-level travel time spent in this place.
 C = Inter-level travel time spent in this place.
 D = Time resting spent in this place.
 E = Time spent auto-exploring this place.
 F = Levels seen in this place.
 G = Mean time per level.
                   A        B        C        D        E       F      G
               +--------+--------+--------+--------+--------+-----+--------+
         Total |  19002 |  18785 |    217 |   8972 |   5958 |  12 | 1583.5 |
       Dungeon |  16674 |  16457 |    217 |   7708 |   5533 |   9 | 1852.7 |
        Temple |    132 |    132 |      0 |      0 |      0 |   1 |  132.0 |
          Lair |   2195 |   2195 |      0 |   1264 |    425 |   2 | 1097.5 |
               +--------+--------+--------+--------+--------+-----+--------+

Top non-repeatable levels by time:
     D:9: 2923 daAuts
     D:5: 2170 daAuts
  Lair:1: 2166 daAuts
     D:1: 2111 daAuts
     D:6: 2104 daAuts
     D:2: 1809 daAuts
     D:4: 1725 daAuts
     D:3: 1662 daAuts
     D:8: 1167 daAuts
     D:7: 999 daAuts
  Temple: 132 daAuts
  Lair:2: 28 daAuts
